 Dungeon Crawl Stone Soup version 0.23.1-41-g7e51ed32d8 (webtiles) character file.

Game seed: 5021863455058913883

317 Marnok the Charmwright (level 6, -1/46 HPs)
             Began as a Human Skald on Mar 30, 2019.
             Was a Follower of Nemelex Xobeh.
             Slain by a slave (9 damage)
             ... led by Pikel
             ... on level 6 of the Dungeon.
             The game lasted 00:14:30 (2252 turns).

Marnok the Charmwright (Human Skald)                Turns: 2252, Time: 00:14:33

Health: -1/46      AC:  7    Str:  9    XL:     6   Next: 73%
Magic:  3/9        EV: 12    Int: 16    God:    Nemelex Xobeh [*.....]
Gold:   107        SH:  0    Dex: 13    Spells: 5/9 levels left

rFire    + . .     SeeInvis +   e - +2 falchion "Rinemytt" {slice, rElec rF+ Str-2 Int+3 SInv}
rCold    . . .     Gourm    .   (no shield)
rNeg     . . .     Faith    .   b - +0 leather armour
rPois    .         Spirit   .   (no helmet)
rElec    +         Reflect  .   p - +1 cloak
rCorr    .         Harm     +   (no gloves)
MR       .....                  (no boots)
Stlth    +.........             g - amulet of harm
HPRegen  0.15/turn              (no ring)
MPRegen  0.11/turn              (no ring)

@: hasted, very quick
A: icy blue scales 1, dopey 1, wild magic 1, MP-powered wands
a: Draw Escape, Draw Destruction, Draw Summoning, Renounce Religion


You were on level 6 of the Dungeon.
You worshipped Nemelex Xobeh.
Nemelex Xobeh was aware of your devotion.
You were not hungry.

You visited 1 branch of the dungeon, and saw 6 of its levels.

You collected 107 gold pieces.

Inventory:

Hand Weapons
 a - a +0 mace
 c - a +4 short sword
 e - the +2 falchion "Rinemytt" (weapon) {slice, rElec rF+ Str-2 Int+3 SInv}
   (You found it on level 6 of the Dungeon)

   It inflicts extra damage upon your enemies.
   It affects your strength (-2).
   It affects your intelligence (+3).
   It protects you from fire.
   It insulates you from electricity.
   It lets you see invisible.
 o - a +1 vampiric spear
Armour
 b - a +0 leather armour (worn)
 p - a +1 cloak (worn)
Jewellery
 g - an amulet of harm (around neck)
Scrolls
 k - 2 scrolls of enchant armour
 m - a scroll of remove curse
Potions
 f - a potion of haste
 i - a potion of berserk rage {unknown}
 l - 2 potions of ambrosia
 n - a potion of invisibility
 s - a potion of flight {unknown}
Comestibles
 d - 7 rations
 q - 19 chunks of flesh


   Skills:
 + Level 2.6 Fighting
 + Level 2.8 Short Blades
 + Level 2.9 Maces & Flails
 + Level 2.9 Armour
 + Level 2.5 Dodging
 + Level 0.9 Stealth
 + Level 2.4 Spellcasting
 + Level 3.8 Charms
 + Level 0.2 Necromancy


You had 5 spell levels left.
You knew the following spells:

 Your Spells              Type           Power        Failure   Level  Hunger
a - Infusion              Chrm           ###.         9%          1    #......
b - Regeneration          Chrm/Necr      ##........   43%         3    ###....

Your spell library contained the following spells:

 Spells                   Type           Power        Failure   Level  Hunger
 Song of Slaying          Chrm           ###.....     13%         2    ###....
 Shroud of Golubria       Chrm/Tloc      ##........   26%         2    ###....
 Spectral Weapon          Hex/Chrm       ##......     45%         3    ###....


Dungeon Overview and Level Annotations

Branches:
Dungeon (6/15)             Temple (0/1) D:4

Altars:
Dithmenos
Fedhas
Hepliaklqana
Nemelex Xobeh
Okawaru
Ru
Yredelemnul

Shops:
D:4 [

Annotations:
D:6 Pikel


Innate Abilities, Weirdness & Mutations

You are partially covered in icy blue scales. (AC +2)
You are dopey. (Int -2)
Your spells are a little harder to cast, but a little more powerful.
You expend magic power (3 MP) to strengthen your wands.


Message History

Pikel hits you but does no damage. The slave closely misses you.
Pikel hits you with a +0 whip of electrocution.
You feel yourself speed up. The slave closely misses you. x2
Pikel closely misses you.
You closely miss Pikel.
Pikel is heavily wounded.
The slave hits you but does no damage. x2
You hit Pikel.
Pikel is heavily wounded.
The slave misses you.
You riposte.
Your leather armour prevents you from hitting the slave.
Pikel hits you but does no damage. The slave completely misses you.
You riposte.
You closely miss the slave. The slave hits you.
You hit Pikel.
Pikel is severely wounded.
The slave hits you. Pikel closely misses you. The slave hits you!
* * * LOW HITPOINT WARNING * * *
The slave hits you!
You die...
Your body disappears without a glow.

#..............
#..................
#..................
#####..................
#.)................?...
#))....................
#......................
#.............ppK.....#
#..............@pp....#
#.......[.........#####
#.................#
#..........).[..>.#
#.(...............#
###################


You could see Pikel and 4 slaves.

Vanquished Creatures
  A centaur (D:6)
  2 orc priests
  A centaur skeleton (D:4)
  An orc wizard (D:6)
  3 adders
  A worm (D:3)
  3 dart slugs
  18 orcs
  3 bats
  2 giant cockroaches (D:2)
  6 goblins
  8 jackals
  8 kobolds
  A quokka (D:4)
  A ball python (D:3)
  6 frilled lizards
  A leopard gecko skeleton (D:6)
  5 rats
71 creatures vanquished.

Notes
Turn   | Place    | Note
-------+----------+-------------------------------------------
     0 | D:1      | Marnok the Human Skald began the quest for the Orb.
     0 | D:1      | Reached XP level 1. HP: 16/16 MP: 3/3
    83 | D:1      | Reached XP level 2. HP: 18/22 MP: 5/5
   278 | D:2      | Found a basalt altar of Yredelemnul.
   278 | D:2      | Found a shadowy altar of Dithmenos.
   278 | D:2      | Found a hazy altar of Hepliaklqana.
   283 | D:2      | Found a sacrificial altar of Ru.
   288 | D:2      | Found a sparkling altar of Nemelex Xobeh.
   291 | D:2      | Became a worshipper of Nemelex Xobeh the Trickster
   365 | D:2      | Received a gift from Nemelex Xobeh
   498 | D:1      | Reached XP level 3. HP: 24/27 MP: 6/6
   789 | D:2      | Reached * piety under Nemelex Xobeh
   853 | D:2      | Found a blossoming altar of Fedhas.
   942 | D:2      | Reached XP level 4. HP: 25/33 MP: 7/7
  1041 | D:2      | Learned a level 3 spell: Regeneration
  1470 | D:3      | Reached XP level 5. HP: 39/39 MP: 8/8
  1523 | D:3      | Found an iron altar of Okawaru.
  1689 | D:4      | Reached skill level 1 in Short Blades
  1700 | D:5      | Entered Level 5 of the Dungeon
  2077 | D:3      | Gained mutation: You are weak. (Str -2) [potion of
                  | mutation]
  2077 | D:3      | Gained mutation: You expend magic power (3 MP) to
                  | strengthen your wands. [potion of mutation]
  2078 | D:3      | Lost mutation: You expend magic power (3 MP) to strengthen
                  | your wands. [potion of mutation]
  2078 | D:3      | Lost mutation: You are weak. (Str -2) [potion of mutation]
  2078 | D:3      | Gained mutation: You expend magic power (3 MP) to
                  | strengthen your wands. [potion of mutation]
  2078 | D:3      | Gained mutation: You are partially covered in icy blue
                  | scales. (AC +2) [potion of mutation]
  2078 | D:3      | Gained mutation: You are dopey. (Int -2) [potion of
                  | mutation]
  2078 | D:3      | Gained mutation: Your spells are a little harder to cast,
                  | but a little more powerful. [potion of mutation]
  2080 | D:4      | Found a staircase to the Ecumenical Temple.
  2104 | D:4      | Found Jusy's Armour Shoppe.
  2155 | D:6      | Reached XP level 6. HP: 41/46 MP: 4/9
  2201 | D:6      | Got an ichor-stained falchion
  2223 | D:6      | Identified the +2 falchion "Rinemytt" {slice, rElec rF+
                  | Str-2 Int+3 SInv} (You found it on level 6 of the Dungeon)
  2241 | D:6      | Noticed a slave
  2242 | D:6      | Noticed Pikel
  2243 | D:6      | Noticed a slave
  2243 | D:6      | Noticed a slave
  2245 | D:6      | Noticed a slave
  2252 | D:6      | Slain by a slave

Skill      XL: |  1  2  3  4  5  6 |
---------------+-------------------+-----
Armour         | 2 |  2.9
Short Blades   | 1 2 |  2.8
Fighting       | |  2.6
Maces & Flails | |  2.9
Dodging        | |  2.5
Stealth        | |  0.9
Spellcasting   | |  2.4
Charms         | |  3.8
Necromancy     | |  0.2

Action                   |  1- 3 |  4- 6 || total
-------------------------+-------+-------++-------
Melee: Mace              |    99 |    16 ||   115
       Short sword       |       |   114 ||   114
       Falchion          |       |     6 ||     6
 Cast: Regeneration      |       |     3 ||     3
       Infusion          |       |     3 ||     3
  Use: Potion            |     3 |     6 ||     9
       Scroll            |       |    13 ||    13
 Stab: Sleeping          |     1 |     1 ||     2
  Eat: Chunk             |       |     6 ||     6
Armor: Leather armour    |    37 |    39 ||    76
Dodge: Dodged            |   105 |   114 ||   219
       Rpst.: Falchion   |       |     2 ||     2
